 Dungeon Crawl Stone Soup version 0.28.0-43-g3370ac3207 (webtiles) character file.

Game seed: 9380628569318352977

49 mcbry74 the Poker (level 3, -7/27 HPs)
             Began as a Merfolk Gladiator on Mar 28, 2022.
             Was a Follower of Ashenzari.
             Mangled by an ogre
             ... wielding a +0 giant club
              (21 damage)
             ... on level 3 of the Dungeon.
             The game lasted 00:10:29 (1874 turns).

mcbry74 the Poker (Merfolk Gladiator)               Turns: 1874, Time: 00:10:29

Health: -7/27      AC:  5    Str: 14    XL:     3   Next: 75%
Magic:  3/3        EV: 13    Int:  9    God:    Ashenzari [*.....]
Gold:   125        SH:  0    Dex: 15    Spells: 2/2 levels left

rFire   . . .      SeeInvis .   a - +0 trident
rCold   . . .      Faith    .   (no shield)
rNeg    . . .      Spirit   .   b - +0 leather armour
rPois   .          Reflect  .   c - +0 helmet of Desmomancy {Comp, Range} (curse)
rElec   .          Harm     .   (no cloak)
rCorr   .          Rampage  .   (no gloves)
Will    .....                   f - +0 pair of boots of the Cosmic Foul Odours {Range, Cun} (curse)
Stlth   +.........              (no amulet)
HPRegen 0.09/turn               (no ring)
MPRegen 0.08/turn               (no ring)

@: no status effects
A: (nimble swimmer 2), mertail
a: Renounce Religion, Shatter the Chains


You were on level 3 of the Dungeon.
You worshipped Ashenzari.
Ashenzari was aware of your devotion.
You visited 1 branch of the dungeon, and saw 3 of its levels.

You collected 125 gold pieces.

Inventory:

Hand Weapons
 a - a +0 trident (weapon)
Missiles
 d - 3 throwing nets
 q - 34 stones
 t - 2 poisoned darts (quivered)
Armour
 b - a +0 leather armour (worn)
 c - the cursed +0 helmet of Desmomancy (worn) {Comp, Range}

   It has a curse which improves the following skills: Companions: Summonings
   and Necromancy.
   Ranged Combat: Slings, Bows, Crossbows and Throwing.
 f - the cursed +0 pair of boots of the Cosmic Foul Odours (worn) {Range, Cun}
   (You found it on level 1 of the Dungeon)

   It has a curse which improves the following skills: Ranged Combat: Slings,
   Bows, Crossbows and Throwing.
   Cunning:   Dodging and Stealth.
Jewellery
 k - an amulet of regeneration
 l - a ring of willpower
Wands
 r - a wand of iceblast (12)
Scrolls
 e - 3 scrolls of identify
 g - 2 scrolls of fog
 i - a scroll of enchant weapon
 j - a scroll of magic mapping
 p - 2 scrolls of vulnerability
Potions
 h - 2 potions of curing
 m - a potion of lignification
 n - a potion of heal wounds
 o - a potion of invisibility
 s - a potion of resistance


   Skills:
 - Level 2.1 Fighting
 * Level 5.9 Polearms
 + Level 2.7(3.8) Throwing
 + Level 4.1(5.0) Dodging
 + Level 0.0 Evocations


You had 2 spell levels left.
You didn't know any spells.
Your spell library was empty.

Dungeon Overview and Level Annotations

Branches:
Dungeon (3/15)

Altars:
Ashenzari


Innate Abilities, Weirdness & Mutations

((You are very nimble when in or above water. (Stealth+, EV+, Speed+++)))
Your lower body shifts to a powerful aquatic tail in water.


Message History

Ashenzari invites you to partake of a vision and a curse of companions and ranged combat.
Your +0 helmet glows black for a moment.
Ashenzari will now protect you from malevolent surprises.
Ashenzari will now identify your possessions.
e - 3 scrolls of identify;
g - 2 scrolls of fog;
h - 2 potions of curing
i - a scroll of enchant weapon;
j - a scroll of magic mapping
m - a potion of lignification;
n - a potion of heal wounds
o - a potion of invisibility;
p - 2 scrolls of vulnerability
s - a potion of resistance
Okay, then.
An ogre comes into view. It is wielding a +0 giant club.
You reach to attack!
The helpless ogre fails to defend itself.
You puncture the ogre!
The ogre is moderately wounded.
You hit the ogre.
The ogre is moderately wounded.
The ogre closely misses you.
You hit the ogre.
The ogre is heavily wounded.
The ogre closely misses you.
You hit the ogre.
The ogre is severely wounded.
The ogre hits you with a +0 giant club!
Ouch! That really hurt!
You are too injured to fight recklessly!
You are too injured to fight recklessly!
You hit the ogre.
The ogre is severely wounded.
You hit the ogre but do no damage.
The ogre is severely wounded.
The ogre completely misses you.
You hit the ogre.
The ogre is almost dead.
The ogre barely misses you.
You hit the ogre.
The ogre is almost dead.
The ogre hits you with a +0 giant club!!
Ouch! That really hurt!
You die...

####.#†# .......#
####.### .......#
####.#.# #.#.#
####.#.# #########
#....#.# ......O(#
#.####.# #@#
#.####.## #.#
#.......# #.#
#...)...# #.#
#.......########.#
#.......#......#.#
#.......#.####.#.#
##......#.# #...#
........#.# #####


You could see an ogre.

Vanquished Creatures
  A gnoll (D:1)
  An adder (D:2)
  4 ball pythons
  An endoplasm (D:1)
  A giant cockroach (D:3)
  2 hobgoblins (D:1)
  4 jackals (D:2)
  5 kobolds
  A frilled lizard (D:2)
  5 goblins
  4 rats
29 creatures vanquished.

Notes
Turn   | Place    | Note
-------+----------+-------------------------------------------
     0 | D:1      | mcbry74 the Merfolk Gladiator began the quest for the Orb.
     0 | D:1      | Reached XP level 1. HP: 16/16 MP: 1/1
   331 | D:1      | Found a faded altar of an unknown god.
   338 | D:1      | Prayed at the altar of an unknown god.
   338 | D:1      | Became a worshipper of Ashenzari the Shackled
   532 | D:1      | Reached XP level 2. HP: 21/22 MP: 2/2
   651 | D:1      | Reached skill level 5 in Polearms
   985 | D:2      | Reached XP level 3. HP: 27/27 MP: 3/3
  1634 | D:2      | Identified the cursed +0 pair of boots of the Cosmic Foul
                  | Odours {Range, Cun} (You found it on level 1 of the
                  | Dungeon)
  1850 | D:3      | Reached * piety under Ashenzari
  1866 | D:3      | Noticed an ogre
  1874 | D:3      | Mangled by an ogre

Illustrated notes

Levels and vault maps discovered:
D:1:      heliophobic_arrival_dark_side_of_the_moon, layout_loops_corners,
          basic_ecumenical_altar
D:2:      layout_basic, lemuel_old_faithful
D:3:      layout_basic, minmay_misc_feat_chi, grunt_decor_cap

Skill      XL: |  1  2 |
---------------+-------+-----
Polearms       | 5 |  5.9
Fighting       | |  2.1
Throwing       | |  2.7
Dodging        | |  4.1

Action                   || total
-------------------------++-------
Melee: Trident           ||    80
       Punch             ||     1
Throw: Stone             ||    27
Invok: Curse Item        ||     2
 Stab: Sleeping          ||     3
Armor: Leather armour    ||     9
Dodge: Dodged            ||    32
